 Dungeon Crawl Stone Soup version 0.30-a0-859-gf88a04b62d (webtiles) character file.

Game seed: 18112334381582661117

256 jimonade the Magician (level 6, -2/43 HPs)
             Began as a Djinni Warper on Mar 6, 2023.
             Slain by a gnoll bouda
             ... wielding a +0 whip
              (8 damage)
             ... on level 3 of the Dungeon on Mar 7, 2023.
             The game lasted 00:04:50 (2161 turns).

jimonade the Magician (Djinni Warper)               Turns: 2161, Time: 00:04:50

Health: -2/43      AC:  3    Str: 12    XL:     6   Next: 38%
Gold:   88         EV: 12    Int: 14    God:
                   SH:  5    Dex: 13

rFire   + + .      SeeInvis .    a - +1 dagger (holy)
rCold   x . .      Faith    .    (no shield)
rNeg    . . .      Spirit   .    b - +0 leather armour
rPois   ∞          Reflect  +    (no helmet)
rElec   .          Rampage  .    (no cloak)
rCorr   .                        (no gloves)
Will    .....                    (boots unavailable)
Stlth   +                        l - amulet of reflection
HPRegen 0.27/turn                (no ring)
MPRegen 0.00/turn                (no ring)

@: flying
A: sickness immunity, fire resistance 2, cold vulnerability 1, float, innate
caster, HP casting, extra vitality 1
a: no special abilities


You were on level 3 of the Dungeon.
You visited 1 branch of the dungeon, and saw 3 of its levels.

You collected 88 gold pieces.

Inventory:

Hand Weapons
 a - a +1 dagger of holy wrath (weapon)
 k - a +0 spear
 o - a +1 scythe of venom
Missiles
 d - 7 boomerangs of dispersal
 h - 8 curare-tipped darts
Armour
 b - a +0 leather armour (worn)
 i - a +0 ring mail
Jewellery
 l - an amulet of reflection (around neck)
 q - a ring of fire
Wands
 r - a wand of digging (5)
Scrolls
 c - 2 scrolls of blinking
 g - 3 scrolls of identify {unknown}
 p - 2 scrolls of teleportation {unknown}
Potions
 e - a potion of cancellation {unknown}
 f - a potion of mutation {unknown}
 j - a potion of curing {unknown}
 m - a potion of haste {unknown}
 n - a potion of ambrosia {unknown}


   Skills:
 - Level 2.0 Fighting
 - Level 1.5 Polearms
 - Level 0.7 Throwing
 - Level 1.0 Armour
 - Level 2.1 Dodging
 + Level 5.2 Spellcasting


You knew the following spells:

 Your Spells              Type           Power      Damage    Failure   Level
a - Blink                 Tloc           36%        N/A       3%          2
b - Lesser Beckoning      Tloc           36%        N/A       3%          2
c - Vhi's Electric Charg  Tloc/Air       36%        N/A       8%          3
d - Teleport Other        Tloc           18%        N/A       8%          3
e - Manifold Assault      Tloc           18%        N/A       26%         4
f - Sandblast             Erth           36%        2d10      2%          1
g - Searing Ray           Conj           36%        2d5       3%          2
Your spell library was empty.

Dungeon Overview and Level Annotations

Branches:
Dungeon (3/15)

Altars:


Innate Abilities, Weirdness & Mutations

You are immune to sickness and miasma.
You are immune to poison.
Your flesh is very heat resistant. (rF++)
You are vulnerable to cold. (rC-)
You float through the air rather than walking.
You learn spells naturally, not from books.
Your magical power is your life essence.
You have superior vitality. (+4 MHP)


Message History

The gnoll bouda is lightly wounded.
The gnoll misses you.
The searing ray misses the gnoll.
The searing ray hits the gnoll bouda but does no damage.
The gnoll bouda is lightly wounded.
The searing ray hits the gnoll.
The gnoll is moderately wounded.
The gnoll hits you with a +0 whip.
The searing ray hits the gnoll.
You kill the gnoll!
The searing ray hits the gnoll bouda.
The gnoll bouda is moderately wounded.
The searing ray hits the gnoll.
The gnoll is heavily wounded.
You finish channelling your searing ray.
You are too injured to fight recklessly!
Unknown command.
Aiming: Searing Ray (safe; 3% risk of failure)
Press: ? - help, Q - select action, (/) - cycle Shift-Dir - straight line, f - gnoll
Aim: a gnoll, wielding a +0 halberd (heavily wounded, covering ground quickly, 81% to hit)
The searing ray hits the gnoll bouda!
The gnoll bouda is severely wounded.
The searing ray hits the gnoll.
The gnoll is severely wounded. (Press . to maintain the ray.)
The gnoll bouda mumbles some strange prayers to its god.
The gnoll bouda is healed somewhat.
The searing ray hits the gnoll bouda but does no damage.
The gnoll bouda is heavily wounded.
The searing ray hits the gnoll.
The gnoll is almost dead.
The gnoll completely misses you.
The gnoll bouda hits you with a +0 whip!
* * * LOW HITPOINT WARNING * * *
The searing ray misses the gnoll bouda.
The searing ray misses the gnoll.
* * * LOW HITPOINT WARNING * * *
A hound comes into view.
You block the gnoll's attack.
The gnoll bouda hits you with a +0 whip!
You die...

######### #.......#
##########.#####.###
#...gg@....# #...
#.#####.#..### #..# :# #.#
#........# #..# .#
#######.###.#....#.###..##.#
#................#.........#
#.#####.#####....#####..#..#
#g# ##..........#..# #.....#
#.h#######.#..# #g###...
...# #....#


You could see a gnoll bouda, a hound (wandering) and a gnoll (swift).

Vanquished Creatures
  Sigmund (D:2)
  A gnoll (D:3)
  4 adders
  A worm (D:2)
  A dart slug (D:1)
  An orc (D:3)
  6 bats
  5 endoplasms
  4 giant cockroaches
  2 goblins
  5 hobgoblins (D:1)
  3 quokkas
  5 ball pythons
  7 frilled lizards
  2 rats
48 creatures vanquished.

Notes
Turn   | Place    | Note
-------+----------+-------------------------------------------
     0 | D:1      | jimonade the Djinni Warper began the quest for the Orb.
     0 | D:1      | jimonade set off with the following spells memorised:
                  | Blink, Lesser Beckoning, Vhi's Electric Charge, Teleport
                  | Other, Manifold Assault.
     0 | D:1      | Reached XP level 1. HP: 18/18 MP: 0/0
   119 | D:1      | Reached XP level 2. HP: 22/23 MP: 0/0
   261 | D:1      | Reached skill level 3 in Spellcasting
   353 | D:1      | Reached XP level 3. HP: 28/28 MP: 0/0
   353 | D:1      | Learned a level 1 spell: Sandblast
  1103 | D:2      | Reached XP level 4. HP: 30/33 MP: 0/0
  1334 | D:2      | Noticed Sigmund
  1576 | D:2      | Killed Sigmund
  1577 | D:2      | Reached skill level 5 in Spellcasting
  1577 | D:2      | Reached XP level 5. HP: 10/38 MP: 0/0
  1577 | D:2      | Learned a level 2 spell: Searing Ray
  1577 | D:2      | Reached XP level 6. HP: 12/43 MP: 0/0
  2161 | D:3      | Slain by a gnoll bouda

Illustrated notes

Levels and vault maps discovered:
D:1:      wheals_arrival_linesprint, layout_basic
D:2:      layout_basic, uniq_sigmund
D:3:      layout_loops_corners, uniq_natasha, uniq_crazy_yiuf_cottage

Skill      XL: |  1  2  3  4 |
---------------+-------------+-----
Spellcasting   | 3 5 |  5.2
Fighting       | |  2.0
Polearms       | |  1.5
Throwing       | |  0.7
Armour         | |  1.0
Dodging        | |  2.1

Action                     |  1- 3 |  4- 6 || total
---------------------------+-------+-------++-------
  Melee: Spear             |    91 |       ||    91
         Dagger            |    16 |       ||    16
   Cast: Sandblast         |    18 |    22 ||    40
         Searing Ray       |       |    10 ||    10
   Stab: Sleeping          |     1 |       ||     1
 Armour: Leather armour    |    32 |    10 ||    42
  Dodge: Dodged            |    59 |    20 ||    79
  Block: Other             |     4 |     4 ||     8

Table legend: (Time is in decaauts)
 A = Elapsed time spent in this place.
 B = Non-inter-level travel time spent in this place.
 C = Inter-level travel time spent in this place.
 D = Time resting spent in this place.
 E = Time spent auto-exploring this place.
 F = Levels seen in this place.
 G = Mean time per level.
                   A        B        C        D        E       F      G
               +--------+--------+--------+--------+--------+-----+--------+
         Total |   2182 |   2004 |    178 |    131 |   1397 |   3 |  727.3 |
       Dungeon |   2182 |   2004 |    178 |    131 |   1397 |   3 |  727.3 |
               +--------+--------+--------+--------+--------+-----+--------+

Top non-repeatable levels by time:
     D:2: 1000 daAuts
     D:1: 965 daAuts
     D:3: 216 daAuts
